 Dungeon Crawl Stone Soup version 0.22.1-1-ga44c0e5 (webtiles) character file.

193455 dvd the Severer (level 18, -8/127 HPs)
             Began as a Formicid Fighter on Nov 10, 2018.
             Was a Believer of Uskayaw.
             Killed from afar by Roxanne (21 damage)
             ... with a bolt of magma
             ... on level 2 of the Swamp.
             The game lasted 02:01:42 (33681 turns).

dvd the Severer (Formicid Fighter)                 Turns: 33681, Time: 02:01:44

Health: -8/127     AC: 24    Str: 32 (33) XL:     18   Next: 95%
Magic:  27/27      EV: 13    Int:  5 (8)  God:    Uskayaw [**....]
Gold:   2566       SH: 24    Dex: 18      Spells: 8/22 levels left

rFire    . . .     SeeInvis +   a - +5 battleaxe
rCold    + . .     Gourm    .   c - +5 shield
rNeg     + + .     Faith    .   P - +2 chain mail {rC+}
rPois    +         Spirit   .   (helmet unavailable)
rElec    .         Reflect  +   l - +2 cloak
rCorr    .         Harm     .   E - +2 pair of gloves {Str+3}
MR       ++...                  H - +2 pair of boots
Stlth    ++++......             d - +3 amulet of reflection
HPRegen  0.31/turn              K - +6 ring of strength
MPRegen  0.20/turn              k - ring "Huinuup" {-Tele +Fly rN++ Dex+3 Stlth+}

@: no status effects
A: permanent stasis, dig shafts and tunnels, four strong arms, antennae 3, claws
1, deterioration 1, frail 1, magic resistance 1, poison resistance, screaming 1,
wild magic 1, evolution 1
}: 1/15 runes: serpentine
a: Dig, Shaft Self, Stomp, Line Pass, Renounce Religion, Evoke Flight


You were on level 2 of the Swamp.
You worshipped Uskayaw.
Uskayaw was pleased with you.
You were not hungry.

You visited 5 branches of the dungeon, and saw 27 of its levels.
You also visited: Sewer and Ice Cave.

You collected 3767 gold pieces.
You spent 1201 gold pieces at shops.

Inventory:

Hand Weapons
 a - a +5 battleaxe (weapon)
 b - a +3 double sword of holy wrath
 h - a +1 battleaxe of chopping
 n - a +4 hand axe of freezing
 o - the +5 demon whip "Spellbinder" {antimagic, MR+}
   (You found it on level 6 of the Lair of Beasts)

   It reduces the magical energy of the wielder, and disrupts the spells and
   magical abilities of those hit.
   Natural abilities and divine invocations are not affected.
   It affects your resistance to hostile enchantments.
 s - a +2 dire flail of protection
 x - a +9 eveningstar
 z - the +8 hand crossbow "Xicwiorgh" {elec, rF+}
   (You found it on level 1 of the Snake Pit)

   It charges the ammunition it shoots with electricity; occasionally upon a
   hit, such missiles may discharge and cause terrible harm.
   It protects you from fire.
 A - a +0 glaive of flaming
Armour
 c - a +5 shield (worn)
 l - a +2 cloak (worn)
 m - the +3 buckler of Absolutism {Dex+4}
   (You bought it in a shop on level 2 of the Orcish Mines)

   It affects your dexterity (+4).
 y - the +1 robe "Ditu Hia" {+Inv rElec rCorr Dex-5}
   (You found it on level 1 of the Swamp)

   It affects your dexterity (-5).
   It insulates you from electricity.
   It lets you turn invisible.
   It provides partial protection from all sources of acid and corrosion.
 E - a +2 pair of gloves of strength (worn)
 H - a +2 pair of boots (worn)
 P - a +2 chain mail of cold resistance (worn)
Jewellery
 d - a +3 amulet of reflection (around neck)
 j - an uncursed amulet of regeneration
 k - the ring "Huinuup" (right hand) {-Tele +Fly rN++ Dex+3 Stlth+}
   (You bought it in a shop on level 2 of the Orcish Mines)

   [ring of flight]

   It affects your dexterity (+3).
   It greatly protects you from negative energy.
   It lets you fly.
   It prevents most forms of teleportation.
   It makes you more stealthy.
 q - an uncursed ring of protection from magic
 J - the amulet of Moodiness {Spirit *Contam Int+4 Dex+5}
   (You found it on level 5 of the Dungeon)

   [amulet of guardian spirit]

   It causes incoming damage to be split between your health and magic.
   It affects your intelligence (+4).
   It affects your dexterity (+5).
   It causes magical contamination when unequipped.
 K - a +6 ring of strength (left hand)
 O - an uncursed ring of protection from fire
 Q - a +2 ring of slaying
Wands
 r - a wand of polymorph (14)
 t - a wand of flame (85)
 u - a wand of scattershot (4)
 C - a wand of iceblast (20)
 L - a wand of digging (40)
 U - a wand of disintegration (34)
 W - a wand of acid (19)
 Y - a wand of paralysis (78)
 Z - a wand of random effects (88)
Scrolls
 e - 5 scrolls of remove curse
 i - a scroll of enchant armour
 v - 16 scrolls of identify
 B - a scroll of magic mapping
 S - 2 scrolls of fog
 X - 2 scrolls of fear
Potions
 g - 2 potions of heal wounds
 p - a potion of brilliance
 w - 10 potions of curing
 D - a potion of magic
 F - a potion of invisibility
 G - 3 potions of agility
 I - a potion of mutation
 N - a potion of resistance
Comestibles
 f - 40 rations
 M - 4 chunks of flesh


   Skills:
 + Level 12.8 Fighting
 + Level 1.5 Long Blades
 + Level 16.7(17.0) Axes
 + Level 4.9(12.2) Maces & Flails
 + Level 1.8(11.4) Polearms
 + Level 11.3 Armour
 + Level 5.6 Dodging
 - Level 15.6 Stealth
 + Level 15.7 Shields
 + Level 2.8 Spellcasting
 + Level 2.2 Conjurations
 * Level 2.9 Charms
 + Level 0.6 Fire Magic
 + Level 13.1 Invocations
 + Level 0.1 Evocations


You had 8 spell levels left.
You knew the following spells:

 Your Spells              Type           Power        Failure   Level  Hunger
a - Magic Dart            Conj           #...         58%         1    ##.....
b - Call Imp              Summ           #.......     94%         2    ###....
c - Flame Tongue          Conj/Fire      #....        69%         1    ##.....
d - Throw Flame           Conj/Fire      #.....       82%         2    ###....
e - Infusion              Chrm           #...         47%         1    ##.....
f - Regeneration          Chrm/Necr      #.........   95%         3    ####...
g - Shroud of Golubria    Chrm/Tloc      #.........   82%         2    ###....
h - Song of Slaying       Chrm           #.......     61%         2    ###....

Your spell library contained the following spells:

 Spells                   Type           Power        Failure   Level  Hunger
 Confusing Touch          Hex            #.....       86%         1    ##.....
 Sandblast                Erth           #.....       86%         1    ##.....
 Passwall                 Tmut/Erth      #.......     95%         2    ###....
 Slow                     Hex            #.......     95%         2    ###....
 Spectral Weapon          Hex/Chrm       #.......     95%         3    ####...
 Conjure Flame            Conj/Fire      #.......     96%         3    ####...
 Stone Arrow              Conj/Erth      #.....       97%         3    ####...
 Mephitic Cloud           Conj/Pois/Air  #.......     98%         3    ####...
 Confuse                  Hex            #.......     99%         3    ####...
 Gell's Gravitas          Tloc           #.........   99%         3    ####...
 Inner Flame              Hex/Fire       #.......     99%         3    ####...
 Teleport Other           Tloc           #.......     99%         3    ####...
 Petrify                  Tmut/Erth      #.......     100%        4    #####..
 Sticky Flame             Conj/Fire      #.......     100%        4    #####..
 Fireball                 Conj/Fire      #.........   100%        5    ######.
 Irradiate                Conj/Tmut      #.........   100%        5    ######.
 Lee's Rapid Deconstruct  Erth           #.........   100%        5    ######.
 Metabolic Englaciation   Hex/Ice        #.........   100%        5    ######.
 Yara's Violent Unravell  Hex/Tmut       #.........   100%        5    ######.
 Dispersal                Tloc           #.........   100%        6    #######
 Hydra Form               Tmut           #.........   100%        6    #######
 Statue Form              Tmut/Erth      #........    100%        6    #######
 Dragon Form              Tmut           #.........   100%        7    #######
 Blink                    Tloc           Unusable     N/A         2    N/A

Dungeon Overview and Level Annotations

Branches:
Dungeon (13/15)            Temple (0/1) D:5            Lair (6/6) D:11
  Swamp (2/4) Lair:2        Snake (4/4) Lair:4        Slime (0/5) Lair:5
    Orc (2/2) D:12            Elf (0/3) Orc:2
 Vaults: D:13-14

Altars:
Ashenzari
Cheibriados
Dithmenos
Fedhas
Nemelex Xobeh
Okawaru
Uskayaw
Vehumet
Zin
The Shining One

Shops:
D:12 *   Orc:2 *[=(   Snake:1 %

Annotations:
Swamp:2 exclusion: Roxanne, Roxanne
Snake:2 Carhel's ghost, adept CeFE; Dameggad's ghost, adept HOGl; Jummob's ghost, journeyman DEFE; Keocwuta's ghost, adept HOGl


Innate Abilities, Weirdness & Mutations

You cannot be hasted, slowed, berserked, paralysed or teleported.
You can dig through walls and to a lower floor.
Your four strong arms can wield two-handed weapons with a shield.
You have a pair of large antennae on your head. (SInv)
You have sharp fingernails.
Your body sometimes deteriorates upon taking damage.
You are frail. (-10% HP)
You are resistant to hostile enchantments. (MR+)
Your system is resistant to poisons. (rPois)
You occasionally shout uncontrollably at your foes.
Your spells are a little harder to cast, but a little more powerful.
You evolve.


Message History

Roxanne is heavily damaged.
Roxanne casts a spell.
The crystal spear hits you!
You hit Roxanne but do no damage.
Roxanne is heavily damaged.
You hit Roxanne.
Roxanne is heavily damaged.
Roxanne mumbles some strange words.
The bolt of magma hits you!
* * * LOW HITPOINT WARNING * * *
Your body deteriorates!
You feel weakened.
You can now pass through a line of other dancers.
Really walk into that cloud of steam?
Okay, then.
Unknown command.
You slash Roxanne!
Roxanne is heavily damaged.
Roxanne casts a spell.
The bolt of magma hits you!
You die...

♣♣.≈≈.. ♣....≈.§≈≈≈
♣..≈♣≈♣ ♣..≈...≈≈.§
♣♣♣♣.≈≈≈≈♣♣ ♣♣..≈≈♣≈≈♣..
♣..≈.≈≈♣≈.♣♣♣.......≈≈≈♣
♣.♣≈≈≈...≈♣♣.≈.♣...≈≈≈≈
♣.≈≈.≈...≈≈♣.≈♣♣♣♣.≈≈.≈
♣.≈≈........≈.♣ ♣.≈.≈≈
♣..≈..≈§..≈≈≈.♣ ..≈.≈♣
♣♣.≈..@♣..≈.≈♣♣ ♣..≈.≈.
♣≈≈.8.♣♣...≈♣ ♣....≈.
♣≈.%..♣♣≈.≈≈♣
♣..≈.≈..≈.≈.♣
♣♣.≈≈.≈...♣≈♣
♣.≈♣♣≈♣♣.≈..≈ ♣♣.
♣♣♣♣.♣≈... ♣. .≈≈≈≈.


You could see Roxanne.

Vanquished Creatures
  Donald (Orc:2)
  Kirke (Snake:3)
  9 nagarajas
  The ghost of Nezef the Thaumaturge, an adept SpIE of Yredelemnul (Snake:1)
  An orc warlord (Orc:2)
  Azrael (Snake:2)
  The ghost of Totori the Cleaver, a journeyman NaBe of Trog (Lair:2)
  Josephine (Orc:1)
  A fire dragon (Lair:6)
  21 naga warriors
  Harold (D:9)
  2 ice dragons (IceCv)
  11 hydras
  9 anacondas
  2 alligators (Swamp:2)
  11 death yaks
  2 two-headed ogres
  4 orc high priests (Orc:2)
  Urug (Lair:6)
  Nergalle (D:10)
  12 naga sharpshooters
  9 shock serpents
  A salamander mystic (Snake:3)
  9 naga ritualists
  A shambling mangrove (Swamp:2)
  Pikel (D:7)
  2 swamp dragons
  3 orc knights (Orc:2)
  14 mana vipers
  3 oklob plants
  6 orc sorcerers
  2 deep elf magi (D:13)
  5 salamanders
  An ugly thing (D:11)
  3 cyclopes
  2 wolf spiders (Lair:6)
  2 manticores (D:11)
  7 guardian serpents
  39 black mambas
  4 elephants (Lair:6)
  Maurice (D:10)
  2 ice statues (IceCv)
  30 naga magi
  15 spiny frogs
  A kobold demonologist (D:11)
  5 komodo dragons
  3 rime drakes
  2 trolls
  2 tyrant leeches
  5 hornets
  15 slime creatures
  2 bog bodies (Swamp:1)
  9 hippogriffs
  7 blink frogs
  Sigmund (D:5)
  4 spriggans
  12 redbacks
  47 yaks
  6 wraiths
  14 wyverns
  4 fire elementals (Snake:2)
  2 steam dragons (Lair:6)
  A hungry ghost (D:7)
  2 basilisks (Lair:6)
  4 hogs (Snake:3)
  11 vampire mosquitoes
  Menkaure (D:5)
  9 swamp worms
  5 insubstantial wisps (Swamp:2)
  3 acid dragons (Lair:6)
  3 wargs
  59 nagas
  4 porcupines
  3 hell hounds (Snake:2)
  20 water moccasins
  Duvessa (D:7)
  42 orc warriors
  A hornet zombie (D:8)
  23 ice beasts
  10 swamp drakes
  2 necrophages
  6 phantoms
  A slave (D:7)
  4 sky beasts
  10 ogres
  4 centaurs
  9 wolves (Lair:4)
  13 crocodiles
  Blork the orc (D:5)
  20 big kobolds
  12 bullfrogs
  A gnoll sergeant (D:7)
  4 earth elementals (D:10)
  2 scorpions
  10 killer bees
  An electric eel (Lair:3)
  10 wights
  5 howler monkeys
  6 crimson imps
  2 centaur zombies
  3 bullfrog zombies
  3 jellies
  3 bullfrog skeletons
  3 hounds (D:11)
  30 orc priests
  3 centaur skeletons
  Jessica (D:2)
  4 iguanas
  Ijyb (D:3)
  9 worker ants
  Natasha (twice) (D:2)
  41 orc wizards
  A killer bee zombie (D:7)
  A hound zombie (D:9)
  2 hound skeletons
  A howler monkey zombie (D:8)
  8 gnolls (D:7)
  18 adders
  3 river rats (D:5)
  A shadow imp (D:10)
  12 oozes
  2 adder skeletons (D:4)
  A worm (D:4)
  2 dart slugs
  12 leopard geckos
  120 orcs
  12 ball pythons
  18 giant cockroaches
  6 goblins
  4 hobgoblins
  6 jackals
  26 kobolds
  5 quokkas
  4 bats
  9 frilled lizards
  9 rats
  A butterfly (Lair:5)
  4 fungi
  6 plants
1119 creatures vanquished.

Vanquished Creatures (collateral kills)
  A hippogriff (Lair:3)
  A water moccasin (Lair:3)
  A bullfrog (Lair:3)
3 creatures vanquished.

Vanquished Creatures (others)
  A human (Snake:3)
  3 slaves (D:7)
  Dowan (D:7)
  An iguana (Lair:6)
  A gnoll (D:7)
  10 fungi
  34 plants
51 creatures vanquished.

Grand Total: 1173 creatures vanquished

Notes
Turn   | Place    | Note
-------+----------+-------------------------------------------
     0 | D:1      | dvd the Formicid Fighter began the quest for the Orb.
     0 | D:1      | Reached XP level 1. HP: 18/18 MP: 1/1
   285 | D:1      | Reached XP level 2. HP: 22/24 MP: 2/2
   654 | D:1      | Reached XP level 3. HP: 28/29 MP: 3/3
   958 | D:2      | Found a radiant altar of Vehumet.
   985 | D:2      | Found a glowing golden altar of the Shining One.
   985 | D:2      | Found a hide-covered altar of Uskayaw.
  1002 | D:2      | Became a worshipper of Uskayaw the Reveler
  1074 | D:2      | Reached * piety under Uskayaw
  1100 | D:2      | Reached ** piety under Uskayaw
  1158 | D:2      | Reached XP level 4. HP: 27/37 MP: 2/4
  1322 | D:2      | Noticed Jessica
  1334 | D:2      | Killed Jessica
  1334 | D:2      | Reached skill level 1 in Dodging
  1334 | D:2      | Reached XP level 5. HP: 36/42 MP: 1/5
  1365 | D:2      | Noticed Natasha
  1382 | D:2      | Killed Natasha
  1682 | D:2      | Found a snail-covered altar of Cheibriados.
  1727 | D:2      | Noticed Natasha
  1748 | D:2      | Killed Natasha
  1748 | D:2      | Reached skill level 3 in Axes
  2032 | D:3      | Noticed Ijyb
  2056 | D:3      | Killed Ijyb
  2056 | D:3      | Reached skill level 5 in Shields
  2056 | D:3      | Reached XP level 6. HP: 22/48 MP: 6/6
  2967 | D:4      | Reached skill level 4 in Axes
  2967 | D:4      | Reached XP level 7. HP: 24/55 MP: 0/7
  2968 | D:4      | Reached *** piety under Uskayaw
  4035 | D:5      | Entered Level 5 of the Dungeon
  4085 | D:5      | Found a glowing drain.
  4113 | D:5      | Noticed Sigmund
  4119 | D:5      | Reached skill level 5 in Axes
  4119 | D:5      | Reached skill level 1 in Stealth
  4124 | D:5      | Killed Sigmund
  4124 | D:5      | Reached skill level 5 in Fighting
  4124 | D:5      | Reached XP level 8. HP: 62/62 MP: 8/8
  4124 | D:5      | Reached **** piety under Uskayaw
  4135 | Sewer    | Entered a sewer
  4311 | Sewer    | Reached skill level 6 in Axes
  4538 | D:5      | Learned a level 1 spell: Magic Dart
  4709 | D:5      | Found an iron altar of Okawaru.
  4753 | D:5      | Reached skill level 7 in Axes
  4763 | D:5      | Found a staircase to the Ecumenical Temple.
  4771 | D:5      | Got a serpentine ruby amulet
  4781 | D:5      | Identified the amulet of Moodiness {Spirit *Contam Int+4
                  | Dex+5} (You found it on level 5 of the Dungeon)
  4880 | D:5      | Noticed Menkaure
  4886 | D:5      | Killed Menkaure
  4900 | D:5      | Reached XP level 9. HP: 59/66 MP: 7/9
  4990 | D:5      | Noticed Blork the orc
  5004 | D:5      | Killed Blork the orc
  5241 | D:6      | Reached skill level 8 in Axes
  5463 | D:6      | Reached skill level 1 in Conjurations
  5690 | D:6      | Reached ***** piety under Uskayaw
  6451 | D:7      | Reached skill level 5 in Armour
  6525 | D:7      | Noticed Pikel
  6528 | D:7      | Noticed Duvessa
  6536 | D:7      | Killed Pikel
  6536 | D:7      | Reached skill level 9 in Axes
  6536 | D:7      | Reached skill level 1 in Spellcasting
  6536 | D:7      | Reached XP level 10. HP: 49/74 MP: 7/11
  6544 | D:7      | Noticed Dowan
  6556 | D:7      | Killed Duvessa
  6558 | D:7      | Killed Dowan
  7379 | D:7      | Reached skill level 10 in Axes
  7421 | D:7      | Learned a level 2 spell: Call Imp
  7844 | D:8      | Reached skill level 1 in Invocations
  8093 | D:8      | Found a sparkling altar of Nemelex Xobeh.
  8347 | D:8      | Reached XP level 11. HP: 84/84 MP: 13/13
  8444 | D:9      | Identified Sif Muna's Almanac of Fiery Orientation
  8456 | D:9      | Noticed a five-headed hydra
  8467 | D:9      | Killed a one-headed hydra
  8467 | D:9      | Reached skill level 5 in Stealth
  8739 | D:9      | Noticed Harold
  8742 | D:9      | Found a blossoming altar of Fedhas.
  8762 | D:9      | Killed Harold
  8857 | D:9      | Learned a level 1 spell: Flame Tongue
  8885 | D:9      | Found a shattered altar of Ashenzari.
  9343 | D:10     | Entered Level 10 of the Dungeon
  9480 | D:10     | Noticed a two-headed ogre
  9490 | D:10     | Killed a two-headed ogre
  9490 | D:10     | Reached skill level 5 in Invocations
  9865 | D:10     | Noticed Nergalle
  9894 | D:10     | Noticed a spectral orc warlord
  9897 | D:10     | Killed Nergalle
  9929 | D:10     | Noticed Maurice
  9951 | D:10     | Killed Maurice
 10005 | D:10     | Gained mutation: You expend magic power (3 MP) to
                  | strengthen your wands. [potion of mutation]
 10005 | D:10     | Gained mutation: Your body sometimes deteriorates upon
                  | taking damage. [potion of mutation]
 10005 | D:10     | Gained mutation: Your body often deteriorates upon taking
                  | damage. [potion of mutation]
 10005 | D:10     | Gained mutation: Your muscles are strong. (Str +2) [potion
                  | of mutation]
 10006 | D:10     | Lost mutation: Your muscles are strong. (Str +2) [potion of
                  | mutation]
 10006 | D:10     | Lost mutation: You expend magic power (3 MP) to strengthen
                  | your wands. [potion of mutation]
 10006 | D:10     | Gained mutation: Potions are less effective at restoring
                  | your health. [potion of mutation]
 10006 | D:10     | Gained mutation: You are agile. (Dex +2) [potion of
                  | mutation]
 10007 | D:10     | Lost mutation: Your body often deteriorates upon taking
                  | damage. [potion of mutation]
 10007 | D:10     | Lost mutation: Your body sometimes deteriorates upon taking
                  | damage. [potion of mutation]
 10007 | D:10     | Lost mutation: Potions are less effective at restoring your
                  | health. [potion of mutation]
 10007 | D:10     | Lost mutation: You are agile. (Dex +2) [potion of mutation]
 10007 | D:10     | Gained mutation: Your body sometimes deteriorates upon
                  | taking damage. [potion of mutation]
 10007 | D:10     | Gained mutation: You evolve. [potion of mutation]
 10007 | D:10     | Gained mutation: You are frail. (-10% HP) [potion of
                  | mutation]
 10007 | D:10     | Gained mutation: Your system is resistant to poisons.
                  | (rPois) [potion of mutation]
 10679 | D:11     | Reached XP level 12. HP: 73/82 MP: 16/16
 10695 | D:11     | Reached skill level 11 in Axes
 10849 | D:11     | Learned a level 2 spell: Throw Flame
 10893 | D:11     | Noticed a four-headed hydra
 10916 | D:11     | Killed a one-headed hydra
 10919 | D:11     | Reached skill level 10 in Shields
 10946 | D:11     | Found a staircase to the Lair.
 11164 | D:11     | Noticed a soul eater
 11186 | D:11     | Reached ****** piety under Uskayaw
 11515 | D:11     | Found a glowing silver altar of Zin.
 12079 | D:12     | Found Pun Palu's Assorted Antiques.
 12223 | D:12     | Found a staircase to the Orcish Mines.
 12442 | Lair:1   | Entered Level 1 of the Lair of Beasts
 12682 | Lair:1   | Reached XP level 13. HP: 89/89 MP: 19/19
 12751 | Lair:1   | Noticed a six-headed hydra
 12764 | Lair:1   | Killed a one-headed hydra
 12764 | Lair:1   | Reached skill level 12 in Axes
 12787 | Lair:1   | Gained mutation: Your spells are a little harder to cast,
                  | but a little more powerful. [evolution]
 13223 | Lair:2   | Reached skill level 1 in Long Blades
 13237 | Lair:2   | Noticed a six-headed hydra
 13260 | Lair:2   | Killed a one-headed hydra
 13329 | Lair:2   | Found a runed door.
 13333 | Lair:2   | Noticed Totori's ghost (journeyman NaBe)
 13649 | Lair:2   | Found a staircase to the Swamp.
 14006 | Lair:3   | Found a shadowy altar of Dithmenos.
 14703 | Lair:3   | Found the +8 whip "Snakebite" {curare, rPois}
 14813 | Lair:4   | Found a staircase to the Snake Pit.
 14841 | Lair:4   | Reached skill level 10 in Stealth
 14895 | Lair:4   | Reached skill level 1 in Maces & Flails
 15043 | Lair:4   | Found a glowing golden altar of the Shining One.
 15226 | Lair:4   | Noticed a six-headed hydra
 15240 | Lair:4   | Killed a one-headed hydra
 16053 | Lair:5   | Found a staircase to the Slime Pits.
 16345 | Lair:5   | Reached XP level 14. HP: 97/97 MP: 20/20
 16656 | Lair:6   | Entered Level 6 of the Lair of Beasts
 16904 | Lair:6   | Found the +5 demon whip "Spellbinder" {antimagic, MR+}
 16996 | Lair:6   | Reached skill level 13 in Axes
 17537 | Lair:6   | Reached skill level 10 in Fighting
 18283 | Lair:6   | Reached XP level 15. HP: 62/103 MP: 10/21
 18331 | Lair:6   | Noticed Urug
 18370 | Lair:6   | Killed Urug
 19621 | Snake:1  | Entered Level 1 of the Snake Pit
 19916 | Snake:1  | Found Gipaadoihy's Food Emporium.
 20117 | Snake:1  | Found a transporter.
 20123 | Snake:1  | Noticed Nezef's ghost (adept SpIE)
 20130 | Snake:1  | Found a transporter.
 20771 | Orc:1    | Entered Level 1 of the Orcish Mines
 20792 | Orc:1    | Reached skill level 5 in Dodging
 21108 | Orc:2    | Entered Level 2 of the Orcish Mines
 21119 | Orc:2    | Found a frozen archway.
 21138 | Orc:2    | Noticed Donald
 21142 | IceCv    | Entered an ice cave
 21832 | Orc:2    | Killed Donald
 21901 | Orc:2    | Reached skill level 10 in Armour
 22486 | Orc:1    | Noticed Josephine
 22497 | Orc:1    | Killed Josephine
 22729 | Orc:2    | Noticed an orc warlord
 22739 | Orc:2    | Reached skill level 14 in Axes
 22976 | Orc:2    | Killed an orc warlord
 22976 | Orc:2    | Reached XP level 16. HP: 97/111 MP: 19/22
 23560 | Orc:2    | Found a staircase to the Elven Halls.
 23991 | Orc:2    | Found Niwon's Antique Armour Boutique.
 23992 | Orc:2    | Found Lifyjedgh's Antique Weapon Shop.
 23993 | Orc:2    | Found Ufoiliuw's General Store.
 23993 | Orc:2    | Found Uckowail's Jewellery Boutique.
 24011 | Orc:2    | Bought a jewelled buckler for 256 gold pieces
 24011 | Orc:2    | Bought a brightly glowing ring mail for 243 gold pieces
 24011 | Orc:2    | Bought a pair of embroidered gloves for 202 gold pieces
 24021 | Orc:2    | Identified the +3 buckler of Absolutism {Dex+4} (You bought
                  | it in a shop on level 2 of the Orcish Mines)
 24041 | Orc:2    | Identified the cursed +0 ring mail of Duty {Int+4} (You
                  | bought it in a shop on level 2 of the Orcish Mines)
 24077 | Orc:2    | Bought the ring "Huinuup" {-Tele +Fly rN++ Dex+3 Stlth+}
                  | for 500 gold pieces
 25148 | Snake:1  | Reached skill level 10 in Invocations
 25154 | Snake:1  | Killed Nezef's ghost
 25492 | Snake:1  | Got a distressingly furry cloak
 25503 | Snake:1  | Identified the -4 cloak of Claustrophobia {Str+3} (You
                  | found it on level 1 of the Snake Pit)
 25517 | Snake:1  | Got a crystal hand crossbow
 25518 | Snake:1  | Identified the +8 hand crossbow "Xicwiorgh" {elec, rF+}
                  | (You found it on level 1 of the Snake Pit)
 25608 | Snake:1  | Found a blossoming altar of Fedhas.
 25808 | Snake:2  | Reached skill level 15 in Stealth
 25854 | Snake:2  | Noticed Azrael
 25857 | Snake:2  | Killed Azrael
 26305 | Snake:2  | Reached XP level 17. HP: 112/117 MP: 18/25
 26376 | Snake:2  | Found a runed gate.
 26376 | Snake:2  | Found a runed gate.
 26378 | Snake:2  | Found a runed gate.
 26378 | Snake:2  | Noticed Carhel's ghost (adept CeFE)
 26379 | Snake:2  | Noticed Jummob's ghost (journeyman DEFE)
 26380 | Snake:2  | Noticed Keocwuta's ghost (adept HOGl)
 26386 | Snake:2  | Noticed Dameggad's ghost (adept HOGl)
 26417 | Snake:2  | You fall through a shaft!
 26694 | Snake:3  | Got a warped scale mail
 26695 | Snake:3  | Identified the +0 scale mail "Zyrem" {+Inv rC+} (You found
                  | it on level 3 of the Snake Pit)
 26821 | Snake:3  | Reached skill level 15 in Axes
 28092 | Snake:3  | Noticed Kirke
 28102 | Snake:3  | Killed Kirke
 28952 | Snake:4  | Entered Level 4 of the Snake Pit
 29517 | Snake:3  | Gained mutation: You have sharp fingernails. [evolution]
 29741 | Snake:4  | Reached XP level 18. HP: 95/126 MP: 21/27
 30046 | Snake:4  | Reached skill level 16 in Axes
 30312 | Snake:4  | Reached skill level 15 in Shields
 30765 | Snake:4  | Gained mutation: You occasionally shout uncontrollably at
                  | your foes. [mutagenic glow]
 31427 | Snake:4  | Got a serpentine rune of Zot
 31649 | Snake:4  | Learned a level 1 spell: Infusion
 31764 | Snake:4  | Learned a level 3 spell: Regeneration
 31767 | Snake:4  | Learned a level 2 spell: Shroud of Golubria
 31770 | Snake:4  | Learned a level 2 spell: Song of Slaying
 31952 | Swamp:1  | Entered Level 1 of the Swamp
 32078 | Lair:2   | Killed Totori's ghost
 32078 | Lair:2   | Reached skill level 1 in Charms
 32562 | Swamp:1  | Identified the +1 robe "Ditu Hia" {+Inv rElec rCorr Dex-5}
                  | (You found it on level 1 of the Swamp)
 32988 | Swamp:1  | Gained mutation: You are resistant to hostile enchantments.
                  | (MR+) [evolution]
 33220 | Swamp:2  | Reached skill level 1 in Polearms
 33664 | Swamp:2  | Noticed Roxanne
 33681 | Swamp:2  | Killed from afar by Roxanne

Skill      XL: |  1  2  3  4  5  6  7  8  9 10 11 12 13 14 15 16 17 18 |
---------------+-------------------------------------------------------+-----
Shields        | 4 5 6 7 9 10 11 12 13 14 15 | 15.7
Fighting       | 4 5 6 7 8 9 10 11 12 | 12.8
Armour         | 4 5 6 7 8 9 10 11 | 11.3
Dodging        | 1 2 3 4 5 |  5.6
Axes           | 3 4 5 7 9 10 11 12 13 14 15 16 | 16.7
Stealth        | 1 3 4 7 8 10 12 14 15 | 15.6
Conjurations   | 1 2 |  2.2
Spellcasting   | 1 2 |  2.8
Invocations    | 3 5 8 9 10 12 13 | 13.1
Long Blades    | 1 |  1.5
Maces & Flails | 2 4 |  4.9
Charms         | 2 |  2.9
Polearms       | 1 |  1.8
Fire Magic     | |  0.6
Evocations     | |  0.1

Action                   |  1- 3 |  4- 6 |  7- 9 | 10-12 | 13-15 | 16-18 || total
-------------------------+-------+-------+-------+-------+-------+-------++-------
Melee: War axe           |    71 |   190 |   336 |    85 |       |       ||   682
       Hand axe          |       |       |       |   540 |   779 |   172 ||  1491
       Battleaxe         |       |       |       |   107 |    74 |   848 ||  1029
       Falchion          |       |       |       |    12 |    34 |       ||    46
       Whip              |       |       |       |       |    82 |       ||    82
       Eveningstar       |       |       |       |       |    85 |     4 ||    89
       Dire flail        |       |       |       |       |       |    58 ||    58
       Glaive            |       |       |       |       |       |    33 ||    33
 Cast: Magic Dart        |       |       |    17 |    22 |     7 |    14 ||    60
       Call Imp          |       |       |       |     1 |       |       ||     1
       Flame Tongue      |       |       |       |       |     1 |       ||     1
       Infusion          |       |       |       |       |       |     1 ||     1
Invok: Stomp             |     1 |     3 |     4 |     2 |     3 |       ||    13
       Line Pass         |       |     1 |     1 |     1 |     1 |       ||     4
       Grand Finale      |       |       |       |     1 |     2 |     3 ||     6
 Abil: Shaft Self        |       |       |       |       |       |     1 ||     1
       Evoke Flight      |       |       |       |       |       |     4 ||     4
       Dig               |       |       |       |       |       |     2 ||     2
       Stop Flying       |       |       |       |       |       |     1 ||     1
Evoke: Wand              |       |       |       |       |     2 |     1 ||     3
  Use: Scroll            |       |       |     2 |    15 |    11 |    16 ||    44
       Potion            |       |       |     1 |     8 |    16 |     8 ||    33
 Stab: Paralysed         |       |       |    13 |    75 |   191 |   138 ||   417
       Sleeping          |       |       |       |     2 |     3 |     7 ||    12
       Confused          |       |       |       |     1 |       |     1 ||     2
       Distracted        |       |       |       |       |     2 |     4 ||     6
       Invisible         |       |       |       |       |     6 |       ||     6
  Eat: Chunk             |     1 |     6 |    15 |    26 |    29 |    19 ||    96
       Ration            |       |       |       |       |     2 |     6 ||     8
Armor: Scale mail        |    39 |     9 |       |    76 |       |       ||   124
       Chain mail        |       |    47 |    94 |   144 |   311 |   285 ||   881
       Ring mail         |       |    34 |     5 |       |       |       ||    39
       Leather armour    |       |       |    26 |       |       |       ||    26
Dodge: Dodged            |    34 |    74 |    97 |   237 |   255 |   314 ||  1011
Block: Shield            |    55 |   103 |   193 |   420 |   707 |   996 ||  2474
       Rpst.: Falchion   |       |       |       |       |     3 |       ||     3
